 Dungeon Crawl Stone Soup version 0.27.1-34-g3ba077fa99 (webtiles) character file.

Game seed: 11915659612279348498

396 mtoz the Magician (level 6, -5/32 HPs)
             Began as a Deep Elf Hedge Wizard on Jan 12, 2022.
             Shot with an arrow by a centaur (10 damage)
             ... on level 5 of the Dungeon.
             The game lasted 00:33:54 (6326 turns).

mtoz the Magician (Deep Elf Hedge Wizard)           Turns: 6326, Time: 00:33:55

Health: -5/32      AC:  6    Str:  8    XL:     6   Next: 52%
Magic:  5/16       EV: 13    Int: 20    God:
Gold:   192        SH:  0    Dex: 14    Spells: 11/16 levels left

rFire    . . .     SeeInvis .   g - +2 dagger (venom)
rCold    . . .     Faith    .   (no shield)
rNeg     + . .     Spirit   .   b - +0 robe
rPois    .         Reflect  .   c - +0 hat
rElec    .         Harm     .   (no cloak)
rCorr    .         Rampage  .   (no gloves)
Will     .....                  (no boots)
Stlth    +++.......             (no amulet)
HPRegen  0.10/turn              j - +4 ring of protection
MPRegen  0.15/turn              m - ring of positive energy

@: no status effects
A: no striking features
a: no special abilities


You were on level 5 of the Dungeon.
You visited 1 branch of the dungeon, and saw 5 of its levels.

You collected 192 gold pieces.

Inventory:

Hand Weapons
 a - a +0 dagger
 e - a +0 short sword
 g - a +2 dagger of venom (weapon)
 o - a +0 mace of protection
Armour
 b - a +0 robe (worn)
 c - a +0 hat (worn)
Jewellery
 j - a +4 ring of protection (left hand)
 m - a ring of positive energy (right hand)
Wands
 r - a wand of flame (8)
Scrolls
 k - 2 scrolls of vulnerability
 n - a scroll of fog {unknown}
 q - a scroll of fear {unknown}
 t - a scroll of acquirement {unknown}
 u - a scroll of noise {unknown}
Potions
 d - a potion of magic
 f - a potion of curing
 h - a potion of mutation
 i - a potion of heal wounds {unknown}
 l - a potion of flight {unknown}
 p - a potion of invisibility {unknown}
 s - a potion of haste {unknown}


   Skills:
 + Level 4.0 Dodging
 + Level 4.2 Stealth
 + Level 5.7 Spellcasting
 + Level 3.0 Conjurations
 + Level 3.0 Summonings
 + Level 3.2 Translocations


You had 11 spell levels left.
You knew the following spells:

 Your Spells              Type           Power      Damage    Failure   Level
a - Magic Dart            Conj           68%        1d6       3%          1
b - Blink                 Tloc           N/A        N/A       4%          2
c - Call Imp              Summ           18%        N/A       4%          2

Your spell library contained the following spells:

 Spells                   Type           Power      Damage    Failure   Level
 Summon Small Mammal      Summ           72%        N/A       3%          1
 Call Canine Familiar     Summ           18%        N/A       9%          3
 Animate Skeleton         Necr           10%        N/A       11%         1
 Pain                     Necr           20%        1d5       11%         1
 Slow                     Hex            5%         N/A       16%         2
 Conjure Flame            Conj/Fire      11%        6-21      17%         3
 Summon Guardian Golem    Hex/Summ       11%        N/A       17%         3
 Mephitic Cloud           Conj/Pois/Air  9%         N/A       22%         3
 Ignite Poison            Fire/Tmut/Pois 5%         N/A       32%         3
 Vampiric Draining        Necr           2%         2d6       32%         3
 Bolt of Magma            Conj/Fire/Erth 4%         4d5       89%         5


Dungeon Overview and Level Annotations

Branches:
Dungeon (5/15)
 Temple: D:4-7

Altars:
Fedhas
Vehumet
Yredelemnul

Shops:
D:3 (   D:4 =


Message History

The centaur shoots an arrow.
The arrow barely misses your crimson imp.
The arrow barely misses you.
The centaur unwields a +0 shortbow.
The centaur hits your crimson imp. The centaur kicks your crimson imp.
The centaur misses your crimson imp. x2
Your crimson imp closely misses the centaur.
The centaur wields a +0 shortbow.
The centaur shoots an arrow.
The arrow misses your crimson imp. The arrow closely misses you.
Your crimson imp hits the centaur but does no damage.
Your crimson imp barely misses the centaur.
There is a stone staircase leading up, spattered with blood here.
Casting: Call Imp (safe; 4% risk of failure)
Confirm with . or Enter, or press ? or * to list all spells.
Okay, then.
Casting: Call Imp (safe; 4% risk of failure)
Confirm with . or Enter, or press ? or * to list all spells.
A beastly little devil appears in a puff of flame.
The centaur unwields a +0 shortbow.
The centaur barely misses your crimson imp.
The centaur closely misses your crimson imp.
Your crimson imp blinks!
Your crimson imp barely misses the centaur.
Casting: Call Imp (safe; 4% risk of failure)
Confirm with . or Enter, or press ? or * to list all spells.
A beastly little devil appears in a puff of frigid air.
The centaur closely misses your crimson imp.
The centaur kicks your crimson imp.
The centaur wields a +0 shortbow.
The centaur shoots an arrow.
The arrow hits your crimson imp!
Your crimson imp dies!
Your crimson imp disappears in a puff of smoke!
Casting: Call Imp (safe; 4% risk of failure)
Confirm with . or Enter, or press ? or * to list all spells.
A beastly little devil appears in a puff of frigid air.
The centaur shoots an arrow.
The arrow hits you.
Your crimson imp disappears in a puff of smoke!
The centaur shoots an arrow.
The arrow closely misses you.
The centaur shoots an arrow.
The arrow hits you!
* * * LOW HITPOINT WARNING * * *
The centaur shoots an arrow.
The arrow hits you!
You die...

...... ##.. .. #..
#.# .. ### #.# ..#
.### ####... ##.#
..#.>.)
#.......##..##.[#....
.8#8.#......§.c..#
.[#(#)...#.##..§..#
..8#8..###.#@§#..##
.......#...#.....###
.##....###...#.....#
#.#.####.....##...
#...###...##....>.
#..###..#.# ###..
#..##.[[..# .
###.##...##.#
#...##..##..#


You could see a centaur.

Vanquished Creatures
  A sky beast (D:5)
  A water moccasin zombie (D:4)
  A howler monkey (D:4)
  A centaur zombie (D:4)
  A hound (D:4)
  A scorpion zombie (D:4)
  A hound skeleton (D:4)
  2 adders (D:3)
  An adder zombie (D:4)
  2 worms
  5 dart slugs
  6 orcs
  9 ball pythons
  4 endoplasms
  2 giant cockroaches (D:2)
  5 goblins
  4 hobgoblins
  3 jackals (D:3)
  7 kobolds
  A quokka (D:1)
  3 bats
  2 frilled lizards
  9 rats
72 creatures vanquished.

Vanquished Creatures (collateral kills)
  A ball python (D:4)
1 creature vanquished.

Vanquished Creatures (others)
  7 plants (D:1)
7 creatures vanquished.

Grand Total: 80 creatures vanquished

Notes
Turn   | Place    | Note
-------+----------+-------------------------------------------
     0 | D:1      | mtoz the Deep Elf Hedge Wizard began the quest for the Orb.
     0 | D:1      | Reached XP level 1. HP: 10/10 MP: 7/7
   430 | D:1      | Reached XP level 2. HP: 15/15 MP: 5/9
  1826 | D:2      | Reached XP level 3. HP: 11/19 MP: 2/11
  2652 | D:2      | Learned a level 2 spell: Blink
  3122 | D:3      | Found a faded altar of an unknown god.
  3264 | D:3      | Reached XP level 4. HP: 24/24 MP: 0/12
  3411 | D:3      | Found Jasoejuc's Weapon Emporium.
  3583 | D:3      | Found a radiant altar of Vehumet.
  3772 | D:3      | Reached skill level 5 in Spellcasting
  4411 | D:4      | Found a blossoming altar of Fedhas.
  4952 | D:4      | Reached XP level 5. HP: 28/28 MP: 9/14
  4955 | D:4      | Learned a level 2 spell: Call Imp
  5004 | D:4      | Found Caabeore's Jewellery Shop.
  5396 | D:4      | Found a basalt altar of Yredelemnul.
  5412 | D:4      | Reached XP level 6. HP: 32/32 MP: 11/16
  5804 | D:5      | Entered Level 5 of the Dungeon
  5886 | D:5      | Noticed a sky beast
  5919 | D:5      | Killed a sky beast
  6326 | D:5      | Shot with an arrow by a centaur

Illustrated notes

Levels and vault maps discovered:
D:1:      moated_graveyard_arrival, layout_basic, serial_forest,
          infiniplex_forest_lined_1, infiniplex_forest_straight_4,
          infiniplex_forest_lined_1, infiniplex_forest_split,
          infiniplex_forest_straight_4, infiniplex_forest_straight_5,
          infiniplex_forest_corner_1, infiniplex_forest_lined_2
D:2:      layout_loops_ring
D:3:      layout_basic, overflow_temple_1_default,
          shapermc_ecumenical_altar_mp_highgroup, serial_shops, shop_statue
D:4:      layout_basic, nicolae_yredelemnul_corpse_copse, kennysheep_little_box,
          serial_shops, shop
D:5:      layout_rooms, mainiacjoe_overflow_concentric_impassable,
          gammafunk_temple_overflow_wave, minmay_statues_item,
          nicolae_shop_gadgets, uniq_blork_the_orc

Skill      XL: |  1  2  3  4  5  6 |
---------------+-------------------+-----
Stealth        | 3 4 |  4.2
Dodging        | 3 4 |  4.0
Translocations | 2 3 |  3.2
Summonings     | 2 3 |  3.0
Conjurations   | 2 3 |  3.0
Spellcasting   | 5 |  5.7

Action                   |  1- 3 |  4- 6 || total
-------------------------+-------+-------++-------
Melee: Dagger            |    38 |    47 ||    85
 Cast: Magic Dart        |   140 |   102 ||   242
       Blink             |     1 |     1 ||     2
       Call Imp          |       |    12 ||    12
  Use: Scroll            |       |     5 ||     5
       Potion            |       |     1 ||     1
Armor: Robe              |     4 |    30 ||    34
Dodge: Dodged            |    24 |    52 ||    76
